 Dungeon Crawl Stone Soup version 0.30-a0-359-gd0147acb1a (webtiles) character file.

Game seed: 1204163675925346438

291 Gismaildir the Trooper (level 6, 0/55 HPs)
             Began as a Minotaur Fighter on Nov 12, 2022.
             Slain by a gnoll bouda
             ... wielding a +0 club
              (8 damage)
             ... on level 5 of the Dungeon.
             The game lasted 00:05:11 (2958 turns).

Gismaildir the Trooper (Minotaur Fighter)           Turns: 2958, Time: 00:05:11

Health: 0/55       AC: 11    Str: 22    XL:     6   Next: 10%
Magic:  5/5        EV:  8    Int:  5    God:
Gold:   191        SH:  4    Dex: 10    Spells: 5/5 levels left

rFire   . . .      SeeInvis .    a - +0 war axe
rCold   . . .      Faith    .    c - +0 buckler
rNeg    + . .      Spirit   .    j - +2 chain mail {rN+}
rPois   .          Reflect  .    (helmet restricted)
rElec   .          Harm     .    (no cloak)
rCorr   +          Rampage  .    (no gloves)
Will    .....                    (no boots)
Stlth   ..........               (no amulet)
HPRegen 0.29/turn                h - ring of resist corrosion
MPRegen 0.09/turn                (no ring)

@: no status effects
A: horns 2, retaliatory headbutt
a: no special abilities


You were on level 5 of the Dungeon.
You visited 1 branch of the dungeon, and saw 5 of its levels.

You collected 191 gold pieces.

Inventory:

Hand Weapons
 a - a +0 war axe (weapon)
Armour
 c - a +0 buckler (worn)
 j - a +2 chain mail of positive energy (worn)
 k - the +9 scales of the Dragon King {rPois rF+ rC+ Will+}
   (You found it on level 3 of the Dungeon)

   rF:        It protects you from fire.
   rC:        It protects you from cold.
   rPois:     It protects you from poison.
   Will:      It increases your willpower.
Jewellery
 h - a ring of resist corrosion (left hand)
Wands
 m - a wand of charming (11)
Scrolls
 b - a scroll of blinking
 e - 3 scrolls of identify
Potions
 d - 2 potions of might
 f - a potion of curing
 g - a potion of flight
 i - 2 potions of resistance
 l - a potion of brilliance


   Skills:
 + Level 4.9 Fighting
 + Level 4.0 Axes
 + Level 4.9 Armour
 + Level 2.7 Dodging
 + Level 4.8 Shields


You had 5 spell levels left.
You didn't know any spells.
Your spell library contained the following spells:

 Spells                   Type           Power      Damage    Failure   Level
 Magic Dart               Conj           0%         1d3       99%         1
 Call Imp                 Summ           0%         N/A       100%        2
 Dazzling Flash           Conj/Hex       0%         N/A       100%        3
 Mephitic Cloud           Conj/Pois/Air  0%         N/A       100%        3
 Summon Guardian Golem    Hex/Summ       0%         N/A       100%        3
 Agony                    Necr           0%         N/A       100%        5
 Silence                  Hex/Air        0%         N/A       100%        5
 Orb of Destruction       Conj           0%         9d5       100%        7
 Spellforged Servitor     Conj/Summ      0%         N/A       100%        7


Dungeon Overview and Level Annotations

Branches:
Dungeon (5/15)
 Temple: D:4-7

Altars:

Annotations:
D:3 2 transporters, twist's ghost, amateur DgFi


Innate Abilities, Weirdness & Mutations

You have a pair of horns on your head.
You reflexively headbutt those who attack you in melee.


Message History

The gnoll bouda is severely wounded.
You barely miss the gnoll. You hit the gnoll.
You kill the gnoll!
The gnoll hits you from afar with a +0 spear.
The gnoll bouda hits you with a +0 club.
The gnoll hits you with a +0 flail. The gnoll hits you but does no damage.
The gnoll bouda closely misses you. You block the gnoll's attack.
You have reached level 6!
Unknown command.
You barely miss the gnoll bouda.
The gnoll bouda is severely wounded.
You barely miss the gnoll. The gnoll misses you.
The gnoll bouda hits you with a +0 club.
* * * LOW HITPOINT WARNING * * *
The gnoll barely misses you. You furiously retaliate!
You headbutt the gnoll.
You kill the gnoll!
The gnoll hits you but does no damage.
The gnoll bouda hits you with a +0 club.
* * * LOW HITPOINT WARNING * * *
Things that are here:
a +0 flail; 17 gold pieces Unknown command.
You closely miss the gnoll. You headbutt the gnoll!
The gnoll is heavily wounded.
You barely miss the gnoll bouda. The gnoll hits you with a +0 spear.
* * * LOW HITPOINT WARNING * * *
The gnoll bouda hits you with a +0 club.
* * * LOW HITPOINT WARNING * * *
Unknown command.
You slash the gnoll!
You kill the gnoll!
You hit the gnoll bouda but do no damage.
The gnoll bouda prays to its god.
The gnoll bouda is healed somewhat.
The gnoll bouda hits you but does no damage.
Your Axes skill increases to level 4!
You completely miss the gnoll bouda.
The gnoll bouda is heavily wounded.
The gnoll bouda hits you with a +0 club!
You die...

..# #.# #..
##.## ...
##.## #.<.#
#)..# #)g@#
#..)#
.......
.........#
..........
.###....#.#
#....#.#
#....#.#


You could see a gnoll bouda.

Vanquished Creatures
  A black bear (D:4)
  An iguana (D:4)
  5 gnolls (D:5)
  5 adders
  An ufetubus (D:3)
  2 worms
  A dart slug (D:3)
  3 orcs (D:3)
  12 endoplasms
  4 giant cockroaches
  3 goblins
  6 hobgoblins
  2 quokkas
  4 ball pythons
  3 bats
  4 frilled lizards
  4 kobolds
  4 rats
65 creatures vanquished.

Notes
Turn   | Place    | Note
-------+----------+-------------------------------------------
     0 | D:1      | Gismaildir the Minotaur Fighter began the quest for the
                  | Orb.
     0 | D:1      | Reached XP level 1. HP: 19/19 MP: 0/0
    64 | D:1      | Reached XP level 2. HP: 27/27 MP: 1/1
   345 | D:1      | Reached skill level 1 in Dodging
   771 | D:2      | Reached XP level 3. HP: 33/33 MP: 2/2
  1472 | D:3      | Reached XP level 4. HP: 40/40 MP: 3/3
  1575 | D:3      | Noticed twist's ghost (amateur DgFi)
  1576 | D:3      | Found a transporter.
  1597 | D:3      | Noticed an ogre
  1614 | D:3      | Found a transporter.
  1702 | D:3      | Found a faded altar of an unknown god.
  1708 | D:3      | Found the +9 scales of the Dragon King {rPois rF+ rC+
                  | Will+}
  2076 | D:4      | Noticed a black bear
  2081 | D:4      | Killed a black bear
  2082 | D:4      | Reached XP level 5. HP: 37/47 MP: 4/4
  2943 | D:5      | Entered Level 5 of the Dungeon
  2954 | D:5      | Reached XP level 6. HP: 17/55 MP: 5/5
  2958 | D:5      | Slain by a gnoll bouda

Illustrated notes

Levels and vault maps discovered:
D:1:      amcnicky_arrival_single_pillar, layout_loops_ring
D:2:      layout_basic
D:3:      layout_loops_ring, ebering_ecumenical_altar_sacrificial,
          gammafunk_ghost_smash
D:4:      layout_basic, serial_glass, glass_columns_c, glass_columns_a,
          hangedman_decor_peaks_small, saegor_snake_ambush
D:5:      layout_loops_cross, vehumet_crystals, serial_rivers,
          chequers_serial_rivers_micro_b, chequers_serial_rivers_micro_e,
          chequers_serial_rivers_room_a, chequers_serial_rivers_small_b,
          hangedman_decor_lopped, kennysheep_generic_room_2

Skill      XL: |  1  2  3  4  5  6 |
---------------+-------------------+-----
Dodging        | 1 2 |  2.7
Fighting       | 4 |  4.9
Shields        | 4 |  4.8
Axes           | 3 4 |  4.0
Armour         | 4 |  4.9

Action                   |  1- 3 |  4- 6 || total
-------------------------+-------+-------++-------
Melee: War axe           |    78 |    69 ||   147
       Headbutt          |     9 |    16 ||    25
  Use: Scroll            |     7 |     4 ||    11
Armor: Scale mail        |    49 |     1 ||    50
       Chain mail        |       |    32 ||    32
Dodge: Dodged            |    21 |    39 ||    60
Block: Buckler           |    14 |    12 ||    26

Table legend: (Time is in decaauts)
 A = Elapsed time spent in this place.
 B = Non-inter-level travel time spent in this place.
 C = Inter-level travel time spent in this place.
 D = Time resting spent in this place.
 E = Time spent auto-exploring this place.
 F = Levels seen in this place.
 G = Mean time per level.
                   A        B        C        D        E       F      G
               +--------+--------+--------+--------+--------+-----+--------+
         Total |   3025 |   2924 |    101 |      0 |   2465 |   5 |  605.0 |
       Dungeon |   3025 |   2924 |    101 |      0 |   2465 |   5 |  605.0 |
               +--------+--------+--------+--------+--------+-----+--------+

Top non-repeatable levels by time:
     D:4: 892 daAuts
     D:1: 750 daAuts
     D:2: 694 daAuts
     D:3: 668 daAuts
     D:5: 19 daAuts
